 Dungeon Crawl Stone Soup version 0.25.1-2-g60ff931df9 (webtiles) character file.

Game seed: 16940242171619120966

151 Exodus22XD the Slasher (level 5, -2/63 HPs)
             Began as a Human Berserker on Oct 17, 2020.
             Was a Believer of Trog.
             Slain by a gnoll
             ... wielding a +0 halberd
              (7 damage)
             ... on level 3 of the Dungeon.
             The game lasted 00:03:48 (3137 turns).

Exodus22XD the Slasher (Human Berserker)            Turns: 3137, Time: 00:03:49

Health: -2/63      AC:  7    Str: 19    XL:     5   Next: 60%
Magic:  5/5        EV: 11    Int:  7    God:    Trog [**....]
Gold:   126        SH:  0    Dex: 12    Spells: 4/4 levels left

rFire    . . .     SeeInvis .   a - +0 falchion
rCold    . . .     Gourm    .   (no shield)
rNeg     . . .     Faith    .   g - +0 ring mail
rPois    .         Spirit   .   (no helmet)
rElec    .         Reflect  .   (no cloak)
rCorr    .         Harm     .   q - +1 pair of gloves
MR       .....     Rnd*Tele +   (no boots)
Stlth    ..........             k - amulet of inaccuracy (curse)
HPRegen  0.20/turn              j - ring of teleportation (curse)
MPRegen  0.09/turn              (no ring)

@: berserking, very quick
A: no striking features
a: Berserk, Trog's Hand, Renounce Religion


You were on level 3 of the Dungeon.
You worshipped Trog.
Trog was pleased with you.
You were hungry.

You visited 1 branch of the dungeon, and saw 3 of its levels.

You collected 126 gold pieces.

Inventory:

Hand Weapons
 a - a +0 falchion (weapon)
 b - a +2 dagger of holy wrath
Armour
 g - a +0 ring mail (worn)
 q - a +1 pair of gloves (worn)
Jewellery
 j - a cursed ring of teleportation (left hand)
 k - a cursed amulet of inaccuracy (around neck)
Scrolls
 e - a scroll of identify {unknown}
 f - a scroll of enchant armour {unknown}
 l - a scroll of remove curse {unknown}
 n - a scroll of noise {unknown}
 p - a scroll of fear
 r - 2 scrolls of immolation {unknown}
 s - 2 scrolls of teleportation {unknown}
Potions
 d - 2 potions of magic {unknown}
 h - a potion of brilliance {unknown}
 i - a potion of heal wounds {unknown}
 m - a potion of experience {unknown}
 o - a potion of lignification {unknown}
Comestibles
 c - 5 rations
 t - 2 chunks of flesh


   Skills:
 + Level 3.9 Fighting
 + Level 4.4 Long Blades
 + Level 2.9 Armour
 + Level 2.6 Dodging


You had 4 spell levels left.
You didn't know any spells.
Your spell library was empty.

Dungeon Overview and Level Annotations

Branches:
Dungeon (3/15)

Altars:
Gozag
Nemelex Xobeh


Message History

You feel yourself moving faster!
You feel mighty!
You are feeling hungry.
The gnoll hits you from afar with a +0 halberd!
The gnoll hits you with a +0 halberd! The gnoll barely misses you.
You are too injured to fight recklessly!
You closely miss the gnoll. The gnoll barely misses you.
The orc hits you but does no damage. The gnoll hits you with a +0 halberd!
* * * LOW HITPOINT WARNING * * *
You are too injured to fight recklessly!
You are too injured to fight recklessly!
Unknown command.
You are too injured to fight recklessly!
You hit the gnoll.
The gnoll is lightly wounded.
The gnoll hits you from afar with a +0 spear!
* * * LOW HITPOINT WARNING * * *
You hit the gnoll.
The gnoll is moderately wounded.
The gnoll hits you from afar with a +0 halberd!
You die...

#.# #####.#
..##'#########
#.#..........##
########.#............
#.....(...............
#...........########..
#...........########..
+..$.@o..≈≈≈≈......'..
#....g......≈.######..
#..gg....≈≈≈≈## ###
.............###
...............
...#########.... ...
.... .. ...


You could see 3 gnolls and an orc.

Vanquished Creatures
  4 gnolls (D:3)
  4 adders
  2 worms
  3 dart slugs
  3 leopard geckos
  2 ball pythons
  9 bats
  2 giant cockroaches
  5 hobgoblins (D:1)
  6 jackals (D:1)
  3 frilled lizards
  5 goblins
  9 kobolds
  6 rats
63 creatures vanquished.

Notes
Turn   | Place    | Note
-------+----------+-------------------------------------------
     0 | D:1      | Exodus22XD the Human Berserker began the quest for the Orb.
     0 | D:1      | Reached XP level 1. HP: 18/18 MP: 1/1
    47 | D:1      | Reached XP level 2. HP: 10/24 MP: 2/2
   413 | D:1      | Reached XP level 3. HP: 25/29 MP: 3/3
   419 | D:1      | Reached ** piety under Trog
   964 | D:1      | Reached XP level 4. HP: 35/36 MP: 4/4
  1777 | D:2      | Reached skill level 4 in Long Blades
  1882 | D:2      | Found an opulent altar of Gozag.
  1883 | D:2      | Found a sparkling altar of Nemelex Xobeh.
  2525 | D:3      | Reached XP level 5. HP: 42/42 MP: 5/5
  3137 | D:3      | Slain by a gnoll

Illustrated notes

Levels and vault maps discovered:
D:1:      evilmike_arrival_plus, layout_basic
D:2:      layout_basic, grunt_temple_overflow_opulence
D:3:      layout_basic, first_ration, chequers_ecumenical_altar_simple,
          chequers_serial_rivers_micro_d

Skill      XL: |  1  2  3  4 |
---------------+-------------+-----
Long Blades    | 4 |  4.4
Fighting       | |  3.9
Armour         | |  2.9
Dodging        | |  2.6

Action                   |  1- 3 |  4- 6 || total
-------------------------+-------+-------++-------
Melee: Falchion          |    96 |   112 ||   208
Invok: Berserk           |     1 |     3 ||     4
  Use: Scroll            |       |     1 ||     1
  Eat: Chunk             |     1 |     6 ||     7
       Ration            |       |     1 ||     1
Armor: Animal skin       |    13 |       ||    13
       Ring mail         |    61 |    34 ||    95
Dodge: Dodged            |    98 |    64 ||   162
       Rpst.: Falchion   |    32 |    16 ||    48
